 Dungeon Sprint DCSS version 0.28.0-43-g3370ac3207 (webtiles) character file.

Game seed: 5483279342660490106

13158 Groucho the Unseen (level 11, -36/59 (60) HPs)
             Began as a Spriggan Enchanter on Mar 27, 2022.
             Was the Champion of Dithmenos.
             Killed from afar by a golden dragon (40 damage)
             ... with a bolt of cold
             ... in the Dungeon (Sprint I: "Red Sonja").
             The game lasted 00:10:32 (2338 turns).

Groucho the Unseen (Spriggan Enchanter)             Turns: 2338, Time: 00:10:33

HP:   -36/59 (60)   AC:  2    Str:  8    XL:     11   Next: 71%
MP:   22/28         EV: 27    Int: 19    God:    Dithmenos [******]
Gold: 1769          SH:  0    Dex: 14    Spells: 30/41 levels left

rFire   + . .      SeeInvis +   r - +4 quick blade
rCold   . . .      Faith    .   (no shield)
rNeg    + . .      Spirit   .   b - +0 robe
rPois   +          Reflect  .   (helmet restricted)
rElec   +          Harm     .   (no cloak)
rCorr   .          Rampage  .   (gloves unavailable)
Will    +....      NoTele   +   (boots unavailable) Stlth ***+++++++
                                (no amulet)
HPRegen 0.19/turn               q - ring "Retettol" {rElec rPois rF+ rN+ Int+2}
MPRegen 0.21/turn               (no ring)

@: wreathed by umbra, lightly drained, very quick
A: very small, no large weapons, unfitting armour, see invisible, speed 3,
clumsy 1, low MP 1
a: Renounce Religion, Shadow Step, Shadow Form


You were in the Dungeon.
You worshipped Dithmenos.
Dithmenos was exalted by your worship.
You visited 1 branch You collected 2744 gold pieces.
You spent 975 gold pieces at shops.

Inventory:

Hand Weapons
 a - a +1 dagger
 m - a +2 dagger of venom
 r - a +4 quick blade (weapon)
Missiles
 l - 17 stones (quivered)
 n - 5 curare-tipped darts
Armour
 b - a +0 robe (worn)
Jewellery
 q - the ring "Retettol" (left hand) {rElec rPois rF+ rN+ Int+2}
   (You bought it in a shop in the Dungeon)

   [ring of poison resistance]

   Int:       It affects your intelligence (+2).
   rF:        It protects you from fire.
   rElec:     It insulates you from electricity.
   rPois:     It protects you from poison.
   rN:        It protects you from negative energy.
Wands
 h - a wand of paralysis (4)
 j - a wand of acid (17)
Scrolls
 k - 2 scrolls of identify {unknown}
 o - a scroll of immolation {unknown}
 p - a scroll of fear {unknown}
Potions
 c - a potion of invisibility
 d - 6 potions of curing
 f - a potion of haste
 g - 2 potions of magic
 i - a potion of mutation {unknown}


   Skills:
 + Level 7.8 Fighting
 - Level 14.0 Short Blades
 * Level 16.9 Dodging
 - Level 20.1 Stealth
 * Level 15.6 Spellcasting
 * Level 0.0 Conjurations
 - Level 15.0 Hexes
 * Level 0.0 Ice Magic
 + Level 0.0 Invocations


You had 30 spell levels left.
You knew the following spells:

 Your Spells              Type           Power      Damage    Failure   Level
a - Confusing Touch       Hex            64%        N/A       1%          3
b - Ensorcelled Hibernat  Hex/Ice        86%        N/A       1%          2
c - Dazzling Flash        Conj/Hex       86%        N/A       1%          3
d - Tukima's Dance        Hex            64%        N/A       1%          3

Your spell library contained the following spells:

 Spells                   Type           Power      Damage    Failure   Level


Dungeon Overview and Level Annotations

Branches:
Dungeon (1/1)

Altars:
Cheibriados
Dithmenos
Elyvilon
Fedhas
Gozag
Hepliaklqana
Kikubaaqudgha
Makhleb
Nemelex Xobeh
Okawaru
Qazlal
Ru
Sif Muna
Trog
Uskayaw
Vehumet
Wu Jian
Xom
Yredelemnul
Zin
The Shining One
Jiyva
Lugonu

Shops:
D [=(:*=!*!!([[(?*:[*[(


Innate Abilities, Weirdness & Mutations

You are very small and have problems with some larger weapons.
You are too small for most types of armour.
You have supernaturally acute eyesight. (SInv)
You cover ground extremely quickly. (Speed+++)
You are clumsy. (Dex -2)
Your magical capacity is low. (-10% MP)


Message History

Found five items.
Casting: Dazzling Flash (safe; 1% risk of failure)
Confirm with . or Enter, or press ? or * to list all spells.
You can't see any susceptible monsters within range! (Use Z to cast anyway.) Unknown command.
Casting: Dazzling Flash (safe; 1% risk of failure)
Confirm with . or Enter, or press ? or * to list all spells.
Okay, then.
Aiming: Shadow Step
Press: ? - help, Dir - move target, f/p - shadow dragon
Aim: a shadow dragon (purple smoke, umbra)
You step into the shadow dragon's shadow.
The shadow dragon bites you!!
You emit a cloud of dark smoke.
You partially resist.
You feel drained. The shadow dragon claws you!
* * * LOW HITPOINT WARNING * * *
The shadow dragon completely misses you.
The golden dragon roars deafeningly!
Found 27 gold pieces and a book of the Warp.
Unknown command.
Unknown command.
You feel much better. The golden dragon misses you.
The golden dragon claws you! The golden dragon closely misses you.
The shadow dragon bites you!
* * * LOW HITPOINT WARNING * * *
You emit a cloud of dark smoke.
The shadow dragon barely misses you. The shadow dragon claws you!
* * * LOW HITPOINT WARNING * * *
Unknown command.
Unknown command.
Unknown command.
Okay, then.
The shadow dragon breathes negative energy at you.
The bolt of negative energy misses you.
There is an open door here.
You see here a +2 hand axe of freezing.
You open the door. The golden dragon breathes cold at you.
The bolt of cold hits you!!!
Ouch! That really hurt!
You die...

##################
§§.§.§'..#..'.§§§#
§§§§§##..'..#.§..##
#...#######+#§§§.§#
###+# #§§§§.#
##..§§# ###@##
#)####+# ##'#§...##
##DD§§§§..#
#.§§§§§....#
##§§§..§§...##
#.§§§§§§.....#
#..§D§§§§..
##§§§§§§§...#


You could see a shadow dragon and a golden dragon (catching breath).

Vanquished Creatures
  A hydra (D)
  2 centaur warriors (D)
  Sonja (D)
  A deep troll (D)
  A lindwurm (D)
  An oklob plant (D)
  8 shining eyes (D)
  4 demonic crawlers (D)
  2 unseen horrors (D)
  2 kobold demonologists (D)
  A hornet (D)
  A slime creature (D)
  Sigmund (D)
  13 hogs (D)
  A yak (D)
  2 redbacks (D)
  7 floating eyes (D)
  7 necrophages (D)
  An ogre (D)
  8 jellies (D)
  Ijyb (D)
  A ballistomycete spore (D)
67 creatures vanquished.

Vanquished Creatures (others)
  A gargoyle (D)
  A ballistomycete spore (D)
2 creatures vanquished.

Grand Total: 69 creatures vanquished

Notes
Turn   | Place    | Note
-------+----------+-------------------------------------------
     0 | D        | Groucho the Spriggan Enchanter began the quest for the Orb.
     0 | D        | Reached XP level 1. HP: 9/9 MP: 5/5
     2 | D        | Noticed Ijyb
    17 | D        | Killed Ijyb
    18 | D        | Reached skill level 10 in Stealth
    18 | D        | Reached XP level 2. HP: 9/13 MP: 6/6
    32 | D        | Killed a gargoyle
   279 | D        | Noticed an ogre
   281 | D        | Killed an ogre
   282 | D        | Reached skill level 14 in Stealth
   282 | D        | Reached XP level 3. HP: 16/16 MP: 8/8
   282 | D        | Reached XP level 4. HP: 21/21 MP: 9/9
   295 | D        | Noticed Sigmund
   297 | D        | Killed Sigmund
   298 | D        | Reached skill level 18 in Stealth
   298 | D        | Reached XP level 5. HP: 24/24 MP: 10/10
   309 | D        | Found a shimmering blue altar of Sif Muna.
   310 | D        | Found an ornate altar of the Wu Jian Council.
   311 | D        | Found a radiant altar of Vehumet.
   316 | D        | Reached XP level 6. HP: 29/29 MP: 11/11
   324 | D        | Found Qyggudor's Book Emporium.
   324 | D        | Found an ancient bone altar of Kikubaaqudgha.
   324 | D        | Found a hazy altar of Hepliaklqana.
   324 | D        | Found a stormy altar of Qazlal.
   324 | D        | Found a hide-covered altar of Uskayaw.
   324 | D        | Found a blossoming altar of Fedhas.
   324 | D        | Found a bloodstained altar of Trog.
   324 | D        | Found an iron altar of Okawaru.
   324 | D        | Found a basalt altar of Yredelemnul.
   324 | D        | Found a glowing golden altar of the Shining One.
   324 | D        | Found a snail-covered altar of Cheibriados.
   324 | D        | Found a sacrificial altar of Ru.
   324 | D        | Found a glowing silver altar of Zin.
   324 | D        | Found a shadowy altar of Dithmenos.
   324 | D        | Found a white marble altar of Elyvilon.
   324 | D        | Noticed a yak
   325 | D        | Found an opulent altar of Gozag.
   326 | D        | Killed a yak
   327 | D        | Reached skill level 1 in Fighting
   327 | D        | Reached skill level 5 in Dodging
   327 | D        | Reached skill level 19 in Stealth
   327 | D        | Reached skill level 5 in Hexes
   327 | D        | Found a sparkling altar of Nemelex Xobeh.
   335 | D        | Became a worshipper of Dithmenos the Shadowed
   372 | D        | Found a burning altar of Makhleb.
   372 | D        | Found a shimmering altar of Xom.
   372 | D        | Noticed a slime creature
   373 | D        | Found a viscous altar of Jiyva.
   373 | D        | Found a corrupted altar of Lugonu.
   375 | D        | Killed a slime creature
   376 | D        | Reached skill level 5 in Spellcasting
   376 | D        | Reached XP level 7. HP: 35/35 MP: 14/16
   380 | D        | Learned a level 3 spell: Confusing Touch
   383 | D        | Learned a level 2 spell: Ensorcelled Hibernation
   387 | D        | Learned a level 3 spell: Dazzling Flash
   391 | D        | Learned a level 3 spell: Tukima's Dance
   413 | D        | Noticed a centaur warrior
   413 | D        | Noticed a centaur warrior
   414 | D        | Killed a centaur warrior
   415 | D        | Reached XP level 8. HP: 40/40 MP: 16/20
   415 | D        | Killed a centaur warrior
   415 | D        | Reached * piety under Dithmenos
   416 | D        | Reached skill level 20 in Stealth
   425 | D        | Noticed a hornet
   429 | D        | Killed a hornet
   430 | D        | Reached XP level 9. HP: 45/45 MP: 15/23
   441 | D        | Noticed an oklob plant
   443 | D        | Killed an oklob plant
   444 | D        | Reached skill level 10 in Dodging
   444 | D        | Reached skill level 10 in Hexes
   450 | D        | Reached ** piety under Dithmenos
   451 | D        | Reached skill level 10 in Spellcasting
   482 | D        | Noticed an unseen horror
   483 | D        | Noticed an unseen horror
   501 | D        | Killed an unseen horror
   513 | D        | Killed an unseen horror
   513 | D        | Reached *** piety under Dithmenos
   514 | D        | Reached skill level 5 in Fighting
   523 | D        | Reached **** piety under Dithmenos
   542 | D        | Reached ***** piety under Dithmenos
   546 | D        | Reached skill level 10 in Short Blades
   560 | D        | Reached XP level 10. HP: 34/51 MP: 8/26
   595 | D        | Found Nuixkina's Assorted Antiques.
   595 | D        | Found Kaeke's Distillery.
   595 | D        | Found Ecsuon's Distillery.
   597 | D        | Found Otzijim's Distillery.
   597 | D        | Found Pinimmeq's Antique Weapon Shop.
   597 | D        | Found Ofinuunt's Antique Armour Shoppe.
   597 | D        | Found Keuhiozy's Antique Armour Boutique.
   597 | D        | Found Xutzynni's Antique Weapon Emporium.
   597 | D        | Found Gumivvar's Magic Scroll Shop.
   597 | D        | Found Fecili's Assorted Antiques.
   601 | D        | Found Feofi's Book Boutique.
   602 | D        | Found Agyd's Assorted Antiques.
   602 | D        | Found Gon Qib's Antique Armour Boutique.
   603 | D        | Found Tuony's Weapon Emporium.
   746 | D        | Noticed a deep troll
   750 | D        | Killed a deep troll
   762 | D        | Found Piuq's Armour Emporium.
   786 | D        | Noticed Sonja
   789 | D        | Killed Sonja
   789 | D        | Reached ****** piety under Dithmenos
  1087 | D        | Found Bievuot's Antique Armour Boutique.
  1249 | D        | Noticed a lindwurm
  1252 | D        | Killed a lindwurm
  1280 | D        | Reached XP level 11. HP: 49/58 MP: 14/29
  1318 | D        | Reached skill level 15 in Dodging
  1761 | D        | Noticed a 12-headed hydra
  1780 | D        | Killed a 12-headed hydra
  2123 | D        | Noticed a shining eye
  2123 | D        | Noticed a shining eye
  2123 | D        | Noticed a shining eye
  2124 | D        | Noticed a shining eye
  2124 | D        | Noticed a shining eye
  2124 | D        | Noticed a shining eye
  2144 | D        | Gained mutation: You are clumsy. (Dex -2) [a shining eye]
  2146 | D        | Killed a shining eye
  2150 | D        | Noticed a shining eye
  2150 | D        | Noticed a shining eye
  2151 | D        | Killed a shining eye
  2155 | D        | Killed a shining eye
  2156 | D        | Reached skill level 15 in Hexes
  2159 | D        | Killed a shining eye
  2160 | D        | Reached skill level 15 in Spellcasting
  2161 | D        | Killed a shining eye
  2162 | D        | Gained mutation: Your magical capacity is low. (-10% MP) [a
                  | shining eye]
  2163 | D        | Killed a shining eye
  2172 | D        | Killed a shining eye
  2174 | D        | Killed a shining eye
  2177 | D        | Found Hamistiti's Assorted Antiques.
  2177 | D        | Found Obroin's Antique Weapon Emporium.
  2177 | D        | Found Etigihu's Jewellery Boutique.
  2178 | D        | Found Lonupn's Jewellery Shoppe.
  2184 | D        | Bought the ring "Retettol" {rElec rPois rF+ rN+ Int+2} for
                  | 543 gold pieces
  2186 | D        | Bought a runed quick blade for 432 gold pieces
  2324 | D        | Noticed a shadow dragon
  2324 | D        | Noticed a golden dragon
  2327 | D        | HP: 2/59 [shadow dragon (7)]
  2338 | D        | Killed from afar by a golden dragon

Illustrated notes

Levels and vault maps discovered:
D:        dungeon_sprint_1 [red_sonja_temple_1, red_sonja_temple_small_1]

Skill      XL: |  1  2  3  4  5  6  7  8  9 10 11 |
---------------+----------------------------------+-----
Stealth        | 10 14 18 19 20 | 20.1
Dodging        | 3 6 8 9 12 14 16 | 16.9
Spellcasting   | 3 5 7 9 11 13 15 | 15.6
Hexes          | 4 6 8 9 11 13 15 | 15.0
Fighting       | 2 3 4 5 6 7 |  7.8
Short Blades   | 4 6 8 10 12 14 | 14.0

Action                   |  1- 3 |  4- 6 |  7- 9 | 10-12 || total
-------------------------+-------+-------+-------+-------++-------
Melee: Dagger            |     5 |     4 |    34 |   118 ||   161
       Punch             |       |       |       |     2 ||     2
 Cast: Ensorcelled Hiber |       |       |     7 |    21 ||    28
       Confusing Touch   |       |       |     4 |     1 ||     5
       Dazzling Flash    |       |       |       |     2 ||     2
Invok: Shadow Step       |       |       |       |     8 ||     8
  Use: Potion            |     1 |       |       |     1 ||     2
       Scroll            |       |       |     1 |       ||     1
 Stab: Sleeping          |     2 |     4 |    18 |    29 ||    53
       Confused          |       |       |     3 |     2 ||     5
       Invisible         |       |       |       |     4 ||     4
Armor: Robe              |       |       |       |     2 ||     2
Dodge: Dodged            |     2 |       |    12 |    58 ||    72
